 Dungeon Crawl Stone Soup version 0.31-a0-200-gbc41564c69 (webtiles) character file.

Game seed: 13959450646606567071

26 qw the Shooter (level 2, 0/16 HPs)
             Began as a Deep Elf Hunter on June 25, 2023.
             Succumbed to their own poison gas
             ... on level 1 of the Dungeon.
             The game lasted 00:00:19 (895 turns).

qw the Shooter (Deep Elf Hunter)                     Turns: 895, Time: 00:00:20

Health: 0/16       AC:  5    Str:  8    XL:     2   Next: 89%
Magic:  4/4        EV: 10    Int: 13    God:
Gold:   53         SH:  0    Dex: 18    Spells: 1/1 levels left

rFire   . . .        Y - +0 shortbow
rCold   . . .        (shield currently unavailable)
rNeg    . . .        e - +0 ring mail
rPois   .            (no helmet)
rElec   .            (no cloak)
rCorr   .            (no gloves)
SInv    .            (no boots)
Will    .....        (no amulet)
Stlth   +            (no ring)
HPRegen 0.22/turn    (no ring)
MPRegen 0.09/turn

%: no passive effects
@: lethally poisoned (0 -> -9), weak-willed
A: no striking features
a: no special abilities


You were on level 1 of the Dungeon.
You visited 1 branch of the dungeon, and saw 1 of its levels.

You collected 53 gold pieces.


   Skills:
 - Level 1.5 Fighting
 + Level 6.6 Ranged Weapons
 - Level 2.4 Dodging
 - Level 1.2 Stealth


You had one spell level left.
You didn't know any spells.
Your spell library was empty.

Inventory:

Hand Weapons
 Y - a +0 shortbow (weapon)
Armour
 e - a +0 ring mail (worn)
Potions
 h - a potion of curing {unknown}
 i - a potion of heal wounds
 j - a potion of lignification {unknown}
 l - a potion of attraction {unknown}
 m - a potion of magic {unknown}

Dungeon Overview and Level Annotations

Branches:
Dungeon (1/15)

Altars:


Message History

Done exploring.
889 ||| READING scroll labelled YMIYJEFRAU.
As you read the scroll labelled YMIYJEFRAU, it crumbles to dust.
It is a scroll of identify.
Really abort (and waste the scroll)?
Done exploring.
890 ||| DRINKING 2 inky potions.
It was a potion of heal wounds.
You feel much better.
Done exploring.
891 ||| DROPPING scroll of butterflies.
You drop a scroll of butterflies.
Done exploring.
892 ||| DROPPING 2 scrolls of vulnerability.
You drop 2 scrolls of vulnerability.
Done exploring.
(D) Dungeon
Where to? (* - list waypoints, ? - help)
What level of the Dungeon? (default 1, ? - help) Sorry, I don't know how to get there.
Enter note:
Enter note:
Enter note:
Enter note:
Enter note:
Enter note:
Enter note:
Enter note:
Enter note:
Enter note:
Enter note:
Enter note: Really walk into that cloud of poison gas?
You are engulfed in poison gas.
You are lethally poisoned!
You feel very sick.
894 ||| Stepping ~*~*~tactically~*~*~ (cloud).
You feel very sick.
Things that are here:
2 scrolls of vulnerability; a scroll of butterflies; a +0 leather armour
There is a lethal amount of poison in your body!
You die...

##.#########.####...
#¤¤#####............
#¤¤0................
#¤0¤~~~~.~~~~~.~~~~~
#¤¤¤###~.~###~.~###~
#¤¤¤# #~¤0# #~.~# #~
#¤00###¤¤0###~.~###~
#00¤¤¤00¤0¤~~~.~~~~~
#¤¤@¤¤¤¤0¤0.........
##¤¤¤¤¤¤0¤0~~~.~~~~~
#¤¤###¤¤¤###~.~###~
#¤0# #~¤0# #~.~# #~
#¤¤###~.~###~.~###~
#0¤~~~~.~~~~~.~~~~~
#0¤................
#0¤~~~~.~~~~~.~~~~~
#.~###~.~###~.~###~


There were no monsters in sight!

Vanquished Creatures
  A ball python (D:1)
  2 endoplasms (D:1)
  3 giant cockroaches (D:1)
  5 goblins (D:1)
  A hobgoblin (D:1)
  A quokka (D:1)
  6 bats (D:1)
  A kobold (D:1)
  2 rats (D:1)
22 creatures vanquished.

Notes
Turn   | Place    | Note
-------+----------+-------------------------------------------
     0 | D:1      | qw the Deep Elf Hunter began the quest for the Orb.
     0 | D:1      | Reached XP level 1. HP: 12/12 MP: 3/3
     0 | D:1      | 0 ||| qw: Version: 0.3-a-22-g0ed2b0b
     0 | D:1      | 0 ||| qw: Game counter: 5696
     0 | D:1      | 0 ||| qw: Melee chars always use a shield: true
     0 | D:1      | 0 ||| qw: God list: Okawaru
     0 | D:1      | 0 ||| qw: Allow faded altars: false
     0 | D:1      | 0 ||| qw: Do Orc after clearing Dungeon:15 true
     0 | D:1      | 0 ||| qw: Do second Lair branch before Depths: true
     0 | D:1      | 0 ||| qw: Lair rune preference: random
     0 | D:1      | 0 ||| qw: Goals: Normal
     0 | D:1      | 0 ||| PLANNING D:1-11
   226 | D:1      | Reached XP level 2. HP: 16/16 MP: 4/4
   387 | D:1      | Reached skill level 6 in Ranged Weapons
   875 | D:1      | 875 ||| UPGRADING to +0 ring mail.
   885 | D:1      | 885 ||| DROPPING +0 leather armour.
   886 | D:1      | 886 ||| READING scroll labelled SIRCHO GOXA.
   887 | D:1      | 887 ||| READING 3 scrolls labelled HUFILA FEXAL.
   888 | D:1      | 888 ||| READING scroll labelled EXECLAXZORGH.
   889 | D:1      | 889 ||| READING scroll labelled YMIYJEFRAU.
   890 | D:1      | 890 ||| DRINKING 2 inky potions.
   891 | D:1      | 891 ||| DROPPING scroll of butterflies.
   892 | D:1      | 892 ||| DROPPING 2 scrolls of vulnerability.
   894 | D:1      | 894 ||| Stepping ~*~*~tactically~*~*~ (cloud).
   894 | D:1      | HP: 2/16 [poisoned by you (poison gas)]
   895 | D:1      | Succumbed to their own poison gas

Levels and vault maps discovered:
D:1:      sevenhm_arrival_forest_fort_large_3, layout_basic, kennysheep_boxes

Skill      XL: |  1  2 |
---------------+-------+-----
Ranged Weapons | 6 |  6.6
Fighting       | |  1.5
Dodging        | |  2.4
Stealth        | |  1.2

Action                     || total
---------------------------++-------
   Fire: Shortbow          ||    66
    Use: Scroll            ||     4
         Potion            ||     1
 Armour: Leather armour    ||     8
  Dodge: Dodged            ||    21

Table legend:
 A = Non-vault XP
 B = Vault XP
 C = Vault XP percentage of total XP
 D = Non-vault monster count
 E = Vault monster count
 F = Vault count percentage of total count
                 A         B        C        D         E       F
            +---------+---------+-------+---------+---------+-------
      Total |      38 |       0 |   0.0 |      22 |       0 |   0.0
            +---------+---------+-------+---------+---------+-------
        D:1 |      38 |       0 |   0.0 |      22 |       0 |   0.0
            +---------+---------+-------+---------+---------+-------
